Unix NetHack Version 3.7.0-95 Work-in-progress - last build Jan 1 2024 20:51:50 (6a0ccc5fa2390e420dd2d488a2f9488d2ae3a63b,branch:master). Game began 2024-01-02 10:32:21, ended 2024-01-05 11:52:43. elenmirie, lawful female human Knight E Elenmirie the Knight St:18/11 Dx:17 Co:18 In:11 Wi:18 Ch:18 Lawful Air $:0 HP:0(169) Pw:28(109) AC:-36 Xp:15/285469 T:37818 Lev Latest messages: The air elemental misses! The air elemental engulfs you! You are pummeled with debris! You feel the amulet draining your energy away. In what direction? . You feel better. You are pummeled with debris! You are pummeled with debris! You hit the air elemental. You hit the air elemental. You are pummeled with debris! You hit the air elemental. You hit the air elemental. You are pummeled with debris! You are pummeled with debris! You kill the air elemental! The air elemental misses the energy vortex. The air elemental is jolted with electricity! The energy vortex misses the fog cloud. The energy vortex misses the fog cloud. The yellow light explodes! The air elemental misses the air elemental. The air elemental misses the energy vortex. The air elemental is jolted with electricity! The air elemental misses the air elemental. The energy vortex misses the fog cloud. The energy vortex misses the fog cloud. The air elemental misses the air elemental. The air elemental engulfs the jabberwock. The jabberwock is expelled! You see some gas clouds dissipate. The energy vortex misses the fog cloud. The energy vortex misses the fog cloud. The air elemental misses the air elemental. The air elemental misses the air elemental. The air elemental engulfs you! You are pummeled with debris! Are you sure you want to pray? [yn] (n) y You begin praying to Lugh. You are pummeled with debris! You are pummeled with debris! You are pummeled with debris! You are pummeled with debris! You die... Do you want your possessions identified? [ynq] (y) y Do you want to see your attributes? [ynq] (y) y Do you want an account of creatures vanquished? [ynaq] (y) y Do you want a list of species genocided and extinct? [ynaq] (y) y Do you want to see your conduct and achievements? [ynq] (y) y Do you want to see the dungeon overview? [ynq] (y) y Inventory: Amulets h - a blessed amulet of reflection (being worn) v - the uncursed Amulet of Yendor Weapons a - the blessed rustproof +6 Excalibur (wielded in left hand) l - an uncursed +6 silver saber (wielded in right hand) Armor d - an uncursed very burnt +7 elven leather helm (being worn) f - an uncursed thoroughly burnt +3 pair of leather gloves (being worn) C - a blessed +3 pair of speed boots (being worn) M - an uncursed fireproof +4 cloak of protection (being worn) o - a blessed +4 Hawaiian shirt with a plumeria motif (being worn) U - an uncursed +3 gray dragon scale mail (being worn) Comestibles L - an uncursed lizard corpse Rings F - an uncursed ring of conflict (on left hand) c - an uncursed ring of free action b - an uncursed ring of levitation (on right hand) W - an uncursed ring of teleport control Wands I - an uncursed wand of cancellation (0:3) r - an uncursed wand of cold (0:4) g - an uncursed wand of death (0:4) m - an uncursed wand of digging (0:8) s - an uncursed wand of digging (0:5) R - an uncursed wand of digging (0:5) K - an uncursed wand of digging (0:4) V - an uncursed wand of digging (0:1) N - an uncursed wand of secret door detection (0:8) y - an uncursed wand of striking (0:0) Tools w - a blessed bag of holding containing 92 items n - an uncursed bugle j - the uncursed Bell of Opening (0:2) X - the uncursed Candelabrum of Invocation (0 of 7 candles attached) i - the blessed Magic Mirror of Merlin T - an uncursed oil lamp e - an uncursed skeleton key P - an uncursed stethoscope x - an uncursed towel u - a blessed +0 unicorn horn Gems/Stones J - a blessed luckstone Contents of the bag of holding: 3153 gold pieces an uncursed amulet of life saving an uncursed +0 pair of water walking boots an uncursed +0 mummy wrapping an uncursed +0 oilskin cloak 12 uncursed carrots 12 uncursed food rations 9 uncursed lumps of royal jelly an uncursed sprig of wolfsbane 15 blessed scrolls of blank paper 6 uncursed scrolls of blank paper 2 cursed scrolls of blank paper 2 blessed scrolls of charging an uncursed scroll of charging 2 uncursed scrolls of destroy armor a cursed scroll of destroy armor an uncursed scroll of fire a blessed scroll of genocide 3 uncursed scrolls of gold detection a blessed scroll of identify 2 uncursed scrolls of identify a cursed scroll of identify 5 blessed scrolls of remove curse an uncursed scroll of remove curse a cursed scroll of remove curse 2 blessed scrolls of scare monster a blessed scroll of stinking cloud an uncursed scroll of stinking cloud 3 uncursed scrolls of taming 6 uncursed scrolls of teleportation 2 cursed scrolls of teleportation a cursed potion of enlightenment 2 blessed potions of full healing an uncursed potion of oil a blessed potion of restore ability an uncursed potion of restore ability 13 potions of holy water 2 potions of unholy water a cursed ring of aggravate monster a cursed ring of aggravate monster an uncursed ring of fire resistance an uncursed ring of fire resistance an uncursed ring of free action an uncursed +2 ring of gain constitution a cursed -1 ring of gain constitution a cursed -1 ring of gain strength a cursed ring of invisibility an uncursed ring of poison resistance a cursed ring of polymorph an uncursed ring of polymorph control an uncursed +2 ring of protection an uncursed ring of regeneration an uncursed ring of slow digestion an uncursed ring of stealth an uncursed ring of sustain ability an uncursed ring of sustain ability an uncursed wand of cold (0:5) an uncursed wand of cold (0:5) an uncursed wand of create monster (0:11) a cursed wand of create monster (0:14) an uncursed wand of death (0:8) an uncursed wand of death (0:4) an uncursed wand of death (0:0) an uncursed wand of digging (0:7) an uncursed wand of digging (0:4) an uncursed wand of fire (0:7) an uncursed wand of fire (0:1) an uncursed wand of lightning (0:5) an uncursed wand of locking (0:2) an uncursed wand of magic missile (0:3) a blessed wand of probing (0:3) an uncursed wand of sleep (0:7) an uncursed wand of sleep (0:6) an uncursed wand of sleep (0:4) an uncursed wand of sleep (0:4) an uncursed wand of striking (0:7) an uncursed wand of striking (0:2) a blessed wand of teleportation (0:3) an uncursed wand of teleportation (0:7) an uncursed wand of teleportation (0:6) a cursed wand of teleportation (0:4) a cursed wand of teleportation (0:2) an uncursed wand of wishing (1:2) an uncursed can of grease (0:13) an uncursed magic marker (0:42) an uncursed magic marker (1:12) a blessed oil lamp an uncursed +0 pick-axe an uncursed tallow candle a cursed tallow candle an uncursed tinning kit (0:34) 7 uncursed wax candles Elenmirie the Knight's attributes: Background: You were a Knight, level 15 female human. You were lawful, on a mission for Lugh who was opposed by Brigit (neutral) and Manannan Mac Lir (chaotic). You were left-handed. You were in the endgame, on the Elemental Plane of Air. You entered the dungeon 37818 turns ago. You had 285469 experience points, 34531 more were needed to attain level 16. Basics: You had 0 out of 169 hit points. You had 28 out of 109 energy points (spell power). Your armor class was -36. Your wallet was empty, but you had 3153 zorkmids stashed away in your pack. Autopickup was on for '$' plus thrown. Final Characteristics: Your strength was 18/11 (limit:18/100). Your dexterity was 17 (peak:18, limit:18). Your constitution was 18 (limit:18). Your intelligence was 11 (limit:18). Your wisdom was 18 (limit:18). Your charisma was 18 (limit:18). Final Status: You were levitating. You were engulfed by the air elemental. You weren't hungry. You were unencumbered. You were wielding two weapons at once. Your skill in long sword was limited by being skilled with two weapons. You were skilled in saber and two weapons. Final Attributes: You were piously aligned. You were magic-protected. You were fire resistant. You were cold resistant. You were sleep resistant. You were disintegration resistant. You were shock resistant. You were poison resistant. You were level-drain resistant. You were telepathic. You had automatic searching. You caused conflict. You could jump. You could teleport. You had a moderate defense bonus (+9). You were protected. You were very fast. You had reflection. You were lucky. You had extra luck. Good luck did not time out for you. You are dead. Miscellaneous: You never encountered a bones level. Total elapsed playing time was 20 hours, 51 minutes and 9 seconds. Major events: Turn 1: elenmirie the lawful female human Knight entered the dungeon 485: entered the Gnomish Mines 717: attained the rank of Esquire (level 3) 3555: had Excalibur thrown at them by some watery tart 4040: attained the rank of Bachelor (level 6) 4757: reached Mine Town 6192: entered Sokoban 6376: completed 1st Sokoban level 6730: completed 2nd Sokoban level 6951: completed 3rd Sokoban level 7505: completed 4th Sokoban level 7786: acquired the Sokoban bag of holding 9179: attained the rank of Sergeant (level 10) 10049: acquired the Mines' End luckstone 10217: made her first wish - "blessed fixed +3 grey dragon scale mail", got "a gray dragon scale mail" 22460: killed Medusa 23075: wished for "3 blessed scrolls of charging", got "3 scrolls labeled ZLORFIK" 23076: wished for "blessed fixed amulet of reflection", got "a triangular amulet" 27617: attained the rank of Knight (level 14) 28188: killed Ixoth 28188: found the Magic Mirror of Merlin carried by a monster 28189: acquired the Bell of Opening 29031: entered Gehennom 30718: wished for "blessed fixed greased +3 cloak of protection", got "a greased cloak of protection" 30796: performed her first genocide (class L) 30803: wished for "blessed fixed ring of levitation", got "an opal ring" 31610: killed Orcus 32255: destroyed Vlad the Impaler 32258: acquired the Candelabrum of Invocation 32816: wished for "blessed fixed ring of conflict", got "an emerald ring" 33057: killed the Wizard of Yendor 33069: acquired the Book of the Dead 33110: performed the invocation 33444: killed the high priest of Moloch 33445: acquired The Amulet of Yendor 34393: killed the Wizard of Yendor (2nd time) 34778: killed Geryon 35554: killed Baalzebub 35900: killed the Wizard of Yendor (3rd time) 36108: killed Juiblex 36524: killed Asmodeus 37232: killed the Wizard of Yendor (5th time) 37706: entered the Elemental Planes 37706: entered Plane of Earth 37787: entered Plane of Air 37818: killed by an air elemental, while praying Vanquished creatures: Asmodeus Baalzebub Geryon Orcus Juiblex the Wizard of Yendor (7 times) Vlad the Impaler a high cleric a mastodon Medusa 5 krakens 7 iron golems 7 storm giants 4 glass golems 4 balrogs 3 purple worms 5 silver dragons 7 red dragons 4 orange dragons a black dragon 4 blue dragons 3 green dragons 2 yellow dragons 17 minotaurs 2 jabberwocks Ixoth 3 baluchitheria a demilich a stone golem 2 master mind flayers 3 Nazgul 5 pit fiends 2 sandestins 7 hell hounds 2 displacer beasts 6 titanotheres a baby red dragon a genetic engineer 2 disenchanters 33 vampire leaders 8 skeletons 9 aligned clerics 5 captains 5 shades 5 liches 5 nurses 9 ice devils 5 nalfeshnees 3 lurkers above 5 ettins 4 black puddings 25 vampires 10 lieutenants a watch captain 25 ghosts 2 knights 5 queen bees 2 winged gargoyles 4 mind flayers 7 giant mimics 4 long worms 12 zruties a fire giant 6 ogre tyrants 7 ice trolls 6 rock trolls 2 umber hulks 3 flesh golems 7 elven monarchs a doppelganger 8 hezrous 10 bone devils 8 large mimics a wumpus 2 fire vortices 4 stalkers 7 air elementals 11 fire elementals 8 earth elementals 4 water elementals 5 hill giants 5 giant mummies 11 xorns 17 giant zombies 6 elf-nobles 23 sergeants 3 water demons 4 barbed devils 15 vrocks 7 salamanders 4 wargs 9 hell hound pups 11 small mimics a glass piercer 3 warhorses 8 steam vortices 7 xans 3 ettin mummies 3 ogre leaders 6 quantum mechanics 8 trolls 2 wood golems 3 erinyes 7 mariliths 4 sharks 7 gelatinous cubes 2 pyrolisks 4 large dogs 3 freezing spheres 7 flaming spheres 4 shocking spheres a large cat 4 tigers 4 gargoyles 2 dwarf rulers 8 tengu 19 ochre jellies 10 leocrottas 5 energy vortices 2 mountain centaurs 2 stone giants 2 elf mummies 2 human mummies 4 red nagas 3 green slimes 2 pythons 3 pit vipers 5 cobras 38 wraiths 4 carnivorous apes 25 ettin zombies 2 leather golems 2 Grey-elves 120 soldiers 3 watchmen 6 amorous demons 10 horned devils 2 chameleons 2 crocodiles 10 giant beetles 2 quivering blobs 13 cockatrices 13 wolves 8 winter wolf cubs a lynx 2 panthers 14 gremlins 2 spotted jellies 13 leprechauns 2 orc-captains 2 iron piercers a mumak 12 giant spiders 10 scorpions a horse 3 ice vortices 3 black lights 6 vampire bats 4 forest centaurs 4 gnome rulers 3 orc mummies 3 dwarf mummies 5 ogres 3 brown puddings 6 rust monsters 4 owlbears 4 yetis 5 gold golems 7 Green-elves 2 piranha 11 giant eels 3 lizards 4 chickatrices 2 dingoes 3 dogs 2 jaguars a dwarf leader 4 blue jellies 2 gray unicorns 3 black unicorns 4 dust vortices 20 ravens 5 plains centaurs a gnome mummy 3 snakes 3 water moccasins 10 apes 15 human zombies a rope golem 6 Woodland-elves 31 soldier ants 8 fire ants 7 bugbears 6 imps 115 quasits 4 wood nymphs 5 water nymphs 2 mountain nymphs 3 Mordor orcs 2 Uruk-hai 5 orc shamans 8 rock piercers 2 rock moles 4 ponies 7 fog clouds 12 yellow lights 2 shriekers 4 violet fungi 18 gnome leaders 12 gnomish wizards 2 kobold mummies 3 gray oozes 2 barrow wights 11 elf zombies 20 ghouls 5 straw golems a paper golem a jellyfish 26 giant ants a little dog 5 floating eyes 4 kittens 11 dwarves 9 homunculi 3 kobold leaders 4 kobold shamans 14 hill orcs 12 rothes 2 centipedes 2 monkeys 13 orc zombies 14 dwarf zombies a wererat 6 iguanas 87 killer bees 3 acid blobs 3 coyotes 6 hobbits 29 manes 2 large kobolds 10 hobgoblins 4 giant rats a cave spider 3 brown molds 2 green molds 2 red molds 63 gnomes 12 gnome zombies 5 geckos 5 jackals 2 kobolds 2 goblins 2 sewer rats 5 grid bugs 6 bats 11 lichens 14 kobold zombies 6 newts 1896 creatures vanquished. Genocided or extinct species: arch-liches master liches demiliches liches erinyes (extinct) soldiers (extinct) quasits (extinct) 4 species genocided. 3 species extinct. Voluntary challenges: You read items or engraved 82 times. You never engraved Elbereth. You genocided 4 types of monsters. You never polymorphed an object. You used 6 wishes. You did not wish for any artifacts. You did not violate any of the special Sokoban rules. Achievements: You entered the Gnomish Mines. You attained the rank of Esquire. You attained the rank of Bachelor. You entered Minetown. You entered a shop. You entered a temple. You entered Sokoban. You completed Sokoban. You attained the rank of Sergeant. You completed the Gnomish Mines. You defeated Medusa. You learned the tune to open and close the Castle's drawbridge. You attained the rank of Knight. You had the Bell of Opening. You entered Gehennom. You had the Candelabrum of Invocation. You handled the Book of the Dead. You gained access to Moloch's Sanctum. You had the Amulet of Yendor. You reached the Elemental Planes. The Elemental Planes: Plane of Air: <- You were here. Final resting place for you, killed by an air elemental, while praying. Plane of Earth: The Dungeons of Doom: levels 1 to 29 Level 1: One way stairs up to The Elemental Planes. Level 2: Stairs down to The Gnomish Mines. Level 3: Level 4: A sink. Level 5: "stash" An altar to Lugh. Level 6: Level 7: Oracle of Delphi. Level 8: A general store. Stairs up to Sokoban, level 7. Level 9: Level 10: Level 11: Level 12: Level 13: A temple and an altar to Lugh. Portal to Fort Ludios. Level 14: Portal to The Quest. Level 15: Some altars. Level 16: A temple and an altar. Level 17: A temple and an altar, a sink, a grave. Level 18: A primitive area. Level 19: Level 20: A temple and some altars, a sink. Level 21: A temple and an altar to Lugh. Level 22: A grave. Level 23: A temple and an altar, a sink. Level 24: Level 25: Level 26: Level 27: A sink. Level 28: Many trees. Level 29: A fountain. The castle (play notes "EFFEA" to open or close drawbridge). Gehennom: levels 30 to 52 Level 30: A temple and an altar, many graves. Valley of the Dead. Level 31: Level 32: Level 33: Level 34: Level 35: Level 36: Level 37: Level 38: Level 39: An altar, many graves. Level 40: Stairs up to Vlad's Tower, level 39. Level 41: Level 42: Level 43: Level 44: Level 45: Level 46: Level 47: Level 48: Level 49: Level 50: Level 51: Level 52: A temple and an altar, many graves. Moloch's Sanctum. The Gnomish Mines: levels 3 to 10 Level 3: Level 4: Level 5: Level 6: A general store, a temple and an altar to Lugh, some fountains. Level 7: Level 8: Level 9: Level 10: A fountain. The Quest: levels 1 to 6 Level 1: Completed quest for King Arthur. Level 2: Level 3: A temple and an altar. Level 4: Level 5: Level 6: Sokoban: levels 7 up to 4 Level 4: "saddle" Solved. Level 5: Solved. Level 6: Solved. Level 7: Solved. Fort Ludios: Level 1: Vlad's Tower: levels 39 up to 37 Level 37: Level 38: Level 39: Game over: ---------- / \ / REST \ / IN \ / PEACE \ / \ | elenmirie | | 3153 Au | | killed by an air | | elemental | | | | | | 2024 | *| * * * | * _________)/\\_//(\/(/\)/\//\/|_)_______ Fare thee well elenmirie the Knight... You died in The Elemental Planes with 1143388 points, and 3153 pieces of gold, after 37818 moves. You were level 15 with a maximum of 169 hit points when you died.